 Dungeon Crawl Stone Soup version 0.25-a0-583-g696c2ac (webtiles) character file.

Game seed: 10949732754936206368, levelgen mode: deterministic

23 BlueFish the Covered (level 2, 0/27 HPs)
             Began as a Minotaur Fighter on Mar 8, 2020.
             Slain by an iguana (2 damage)
             ... on level 2 of the Dungeon.
             The game lasted 00:01:13 (597 turns).

BlueFish the Covered (Minotaur Fighter)              Turns: 597, Time: 00:01:13

Health: 0/27       AC:  7    Str: 20    XL:     2   Next: 75%
Magic:  1/1        EV:  9    Int:  5    God:
Gold:   67         SH:  0    Dex:  9    Spells: 1/1 levels left

rFire    . . .     SeeInvis .   a - +0 long sword
rCold    . . .     Gourm    .   (no shield)
rNeg     . . .     Faith    .   b - +0 scale mail
rPois    .         Spirit   .   (helmet restricted)
rElec    .         Reflect  .   (no cloak)
rCorr    .         Harm     .   (no gloves)
MR       .....                  (no boots)
Stlth    ..........             (no amulet)
HPRegen  0.09/turn              (no ring)
MPRegen  0.07/turn              (no ring)

@: no status effects
A: retaliatory headbutt, horns 2
a: no special abilities


You were on level 2 of the Dungeon.
You were not hungry.

You visited 1 branch of the dungeon, and saw 2 of its levels.

You collected 67 gold pieces.

Inventory:

Hand Weapons
 a - a +0 long sword (weapon)
Armour
 b - a +0 scale mail (worn)
 c - a +0 kite shield
Scrolls
 n - a scroll of teleportation
Potions
 d - 2 potions of might
 j - a potion of flight {unknown}
 k - 2 potions of curing
 l - a potion of berserk rage {unknown}
 m - 2 potions of brilliance
 p - a potion of mutation {unknown}
Comestibles
 f - 2 rations


   Skills:
 * Level 4.1 Fighting
 * Level 2.8 Long Blades
 * Level 4.1 Armour
 + Level 3.7 Shields


You had one spell level left.
You didn't know any spells.
Your spell library was empty.

Dungeon Overview and Level Annotations

Branches:
Dungeon (2/15)

Altars:


Innate Abilities, Weirdness & Mutations

You reflexively headbutt those who attack you in melee.
You have a pair of horns on your head.


Message History

You are too injured to fight recklessly!
You are too injured to fight recklessly!
You are too injured to fight recklessly!
You are too injured to fight recklessly!
You are too injured to fight recklessly!
You are too injured to fight recklessly!
You are too injured to fight recklessly!
You are too injured to fight recklessly!
You are too injured to fight recklessly!
You are too injured to fight recklessly!
You are too injured to fight recklessly!
You are too injured to fight recklessly!
You are too injured to fight recklessly!
You are too injured to fight recklessly!
You barely miss the iguana. You headbutt the iguana.
The iguana is severely wounded.
The iguana bites you!
* * * LOW HITPOINT WARNING * * *
The iguana bites you.
You die...

##.....((......#......
##.......((...#....?.
##.........)(.......
##.................
#####.#...........
#.###.......8. #.#
#....?.... #.#
#.(^...... ###
#.@.......
#...l.......
##......#...
#.......#...
#........# ..
#.8........
#.8.#.#####.. .8.##.
...


You could see an iguana.

Vanquished Creatures
  An ooze (D:2)
  A giant cockroach (D:2)
  5 goblins
  3 hobgoblins (D:1)
  3 kobolds
  A ball python (D:1)
  A bat (D:1)
  2 rats (D:1)
17 creatures vanquished.

Notes
Turn   | Place    | Note
-------+----------+-------------------------------------------
     0 | D:1      | BlueFish the Minotaur Fighter began the quest for the Orb.
     0 | D:1      | Reached XP level 1. HP: 19/19 MP: 0/0
   263 | D:1      | Reached XP level 2. HP: 26/27 MP: 1/1
   597 | D:2      | Slain by an iguana

Levels and vault maps discovered:
D:1:      saegor_arrival_simple_a, layout_basic
D:2:      minmay_inner_zag, layout_rooms, nicolae_qazlal_style_of_elements,
          eat_drink_and_be_merry_uskayaw, nicolae_ru_path_of_blood,
          minmay_overflow_temple_star_quad, first_ration,
          minmay_increasing_density

Skill      XL: |  1  2 |
---------------+-------+-----
Armour         | 4 |  4.1
Fighting       | 4 |  4.1
Long Blades    | |  2.8
Shields        | |  3.7

Action                   || total
-------------------------++-------
Melee: Long sword        ||    35
       Headbutt          ||     7
  Use: Scroll            ||     6
Armor: Scale mail        ||    18
Dodge: Dodged            ||    16
       Rpst.: Long sword ||     4

Table legend:
 A = Non-vault XP
 B = Vault XP
 C = Vault XP percentage of total XP
 D = Non-vault monster count
 E = Vault monster count
 F = Vault count percentage of total count
                 A         B        C        D         E       F
            +---------+---------+-------+---------+---------+-------
      Total |      34 |       0 |   0.0 |      17 |       0 |   0.0
            +---------+---------+-------+---------+---------+-------
        D:1 |      21 |       0 |   0.0 |      13 |       0 |   0.0
        D:2 |      13 |       0 |   0.0 |       4 |       0 |   0.0
            +---------+---------+-------+---------+---------+-------
